Map: Rhoskallian LE

Players

MattBarry

  • Race: Protoss Protoss
  • Spawn Location: 5:00

MattBarry

  • Race: Zerg Zerg
  • Spawn Location: 6:00

KingNickSA - Winner!

  • Race: Terran Terran
  • Spawn Location: 12:00

SkillDrunk - Winner!

  • Race: Terran Terran
  • Spawn Location: 11:00

VOD

Have the link to the VOD?

Description

Time

  • Played on: Jan. 2, 2023, 8:31 p.m.
  • Length: 17:33
Show
View Real Time Build Order
Export as new Build Order

MattBarry Protoss 

Build Orders:  

Get SALT Encoding   

  12  0:00  Probe  
  13  0:12  Probe  
  14  0:18  Pylon  
  14  0:24  Probe  
  15  0:37  Probe  
  15  0:40  Gateway  
  16  0:49  Assimilator, Probe (Chrono Boost)  
  17  0:59  Probe (Chrono Boost)  
  17  1:04  Probe (Chrono Boost)  
  19  1:16  Probe  
  20  1:28  Probe  
  21  1:33  Cybernetics Core  
  21  1:34  Zealot  
  23  1:45  Pylon  
  23  1:46  Pylon  
  23  2:03  Probe  
  23  2:19  Assimilator  
  23  2:22  Nexus  
  23  2:24  Adept, Pylon  
  23  2:25  Warp Gate (Chrono Boost)  
  25  2:31  Probe  
  26  2:43  Probe  
  27  2:58  Probe  
  27  3:01  Adept  
  30  3:05  Gateway  
  30  3:08  Gateway  
  30  3:13  Probe  
  31  3:24  Forge  
  31  3:25  Probe  
  32  3:34  Probe  
  32  3:36  Adept  
  35  3:43  Probe  
  35  3:46  Probe  
  37  3:55  Probe  
  38  3:59  Probe  
  38  4:01  Protoss Ground Weapons Level 1 (Chrono Boost)  
  39  4:10  Probe  
  39  4:11  Probe  
  39  4:15  Robotics Facility  
  41  4:22  Stalker x2  
  41  4:23  Stalker  
  47  4:27  Probe x2  
  49  4:34  Twilight Council  
  49  4:39  Probe x2  
  51  4:46  Sentry x2  
  51  4:47  Adept  
  51  4:51  Probe  
  51  4:52  Probe  
  59  4:53  Pylon  
  59  4:57  Pylon  
  59  5:02  Observer (Chrono Boost)  
  59  5:05  Probe x2  
  62  5:11  Pylon, Blink  
  62  5:24  Observer (Chrono Boost)  
  62  5:27  Assimilator  
  62  5:28  Probe x2  
  65  5:30  Assimilator  
  65  5:33  Zealot x3  
  67  5:43  Probe x2  
  67  5:46  Photon Cannon  
  69  5:55  Probe  
  69  5:56  Probe  
  71  6:02  Immortal  
  75  6:08  Probe x2  
  75  6:11  Stalker x2  
  81  6:12  Stalker  
  83  6:33  Probe x2  
  85  6:43  Protoss Ground Weapons Level 2 (Chrono Boost)  
  85  6:45  Nexus  
  85  6:47  Pylon  
  85  6:53  Stargate  
  85  6:56  Pylon  
  85  6:57  Pylon  
  86  7:01  Observer  
  86  7:10  Photon Cannon  
  86  7:11  Photon Cannon  
  86  7:20  Pylon  
  86  7:27  Robotics Bay  
  86  7:32  Stalker x3  
  92  7:51  Probe  
  92  7:52  Probe  
  92  7:58  Stalker  
  96  7:59  Stalker x2  
  96  8:02  Pylon  
  96  8:03  Probe  
  96  8:04  Probe x2  
  103  8:06  Warp Prism (Chrono Boost)  
  103  8:11  Phoenix  
  107  8:16  Probe  
  108  8:21  Probe x2  
  110  8:27  Gateway  
  110  8:28  Probe  
  110  8:29  Gateway  
  110  8:30  Pylon  
  110  8:33  Disruptor (Chrono Boost), Probe x2  
  113  8:35  Gateway x2  
  113  8:40  Assimilator, Probe  
  117  8:41  Stalker x2  
  117  8:43  Stalker  
  117  8:44  Assimilator  
  117  8:45  Probe x2  
  124  8:55  Protoss Ground Weapons Level 3 (Chrono Boost)  
  124  9:14  Probe x3  
  127  9:26  Probe x3  
  127  9:30  Charge  
  130  9:36  Zealot  
  130  9:37  Zealot x3  
  130  9:38  Zealot x2  
  124  10:05  Pylon x2  
  122  10:08  Stalker x6  
  122  10:09  Stalker  
  122  10:10  Disruptor (Chrono Boost)  
  139  10:20  Pylon  
  139  10:22  Pylon  
  137  10:38  Disruptor  
  95  11:10  Stalker x4  
  95  11:11  Stalker x2  
  103  11:12  Stalker  
  84  11:35  Stalker x3  
  84  11:36  Stalker x4  
  98  11:59  Stalker x5  
  98  12:00  Stalker x2, Nexus  
  112  12:01  Pylon  
  112  12:04  Pylon  
  112  12:06  Pylon  
  112  12:07  Disruptor  
  115  12:14  Protoss Ground Armor Level 1 (Chrono Boost)  
  99  12:23  Stalker x5  
  99  12:24  Zealot, Stalker  
  113  12:37  Photon Cannon  
  113  12:38  Photon Cannon  
  113  12:41  Photon Cannon  
  113  12:42  Photon Cannon  
  113  12:43  Disruptor  
  116  12:47  Zealot x2  
  116  12:48  Zealot x5  
  130  13:08  Zealot x6  
  130  13:09  Zealot  
  144  13:19  Disruptor  
  134  13:38  Zealot x4  
  134  13:39  Zealot x3  
  146  13:59  Zealot x7  
  115  14:22  Pylon  
  115  14:23  Zealot x7  
  129  14:27  Disruptor  
  132  14:33  Assimilator  
  132  14:37  Assimilator  
  132  14:40  Pylon  
  132  14:41  Gateway  
  132  14:42  Pylon  
  132  14:43  Gateway  
  132  14:45  Gateway  
  132  14:47  Gateway, Zealot x2  
  132  14:48  Zealot x5  
  146  15:03  Disruptor  
  123  15:30  Stalker x4  
  123  15:31  Stalker x3  
  137  15:48  Stalker  
  137  15:49  Stalker x3  
  145  15:58  Nexus  
  145  16:03  Zealot x5  
  145  16:04  Zealot x2, Nexus  
  153  16:07  Pylon  
  153  16:09  Pylon  
  140  16:11  Pylon  
  130  16:23  Zealot x3  
  130  16:24  Zealot x6  
  109  16:48  Stalker x5  
  109  16:49  Stalker x2  
  109  16:50  Stalker x2  
  109  16:51  Stalker  
  91  17:09  Zealot  
  91  17:13  Zealot x4  
  91  17:14  Zealot x3  
  91  17:15  Zealot  
Show
View Real Time Build Order
Export as new Build Order

MattBarry Zerg 

Build Orders: Hatch First, Roach Hydra 

Get SALT Encoding   

  12  0:00  Drone  
  13  0:09  Drone  
  14  0:18  Extractor  
  14  0:20  Overlord  
  13  0:24  Drone  
  15  0:39  Drone x2  
  17  0:55  Hatchery  
  16  1:09  Spawning Pool  
  15  1:14  Drone  
  15  1:17  Drone  
  17  1:21  Drone  
  18  1:27  Extractor  
  18  1:29  Drone  
  18  1:47  Drone  
  19  1:56  Drone  
  19  1:58  Queen  
  22  2:11  Drone x2  
  22  2:12  Drone  
  22  2:13  Queen  
  27  2:20  Drone  
  27  2:21  Overlord  
  28  2:27  Extractor  
  28  2:29  Drone  
  29  2:42  Drone x3  
  32  2:48  Queen  
  34  3:01  Hatchery  
  33  3:08  Drone  
  33  3:09  Drone x2  
  33  3:10  Overlord  
  36  3:13  Overlord  
  36  3:20  Overlord  
  36  3:36  Drone x5  
  36  3:39  Metabolic Boost  
  41  3:43  Lair  
  41  3:50  Evolution Chamber  
  40  4:08  Drone x2  
  40  4:09  Drone x5  
  47  4:13  Queen  
  49  4:22  Zerg Ground Armor Level 1  
  49  4:28  Extractor  
  49  4:30  Extractor  
  47  4:31  Spore Crawler  
  47  4:33  Spore Crawler  
  45  4:39  Spine Crawler  
  44  4:50  Roach Warren  
  43  5:19  Drone x5  
  43  5:20  Drone x6, Overlord  
  55  5:35  Zergling x2  
  55  5:36  Zergling x8  
  55  5:41  Overseer  
  59  5:47  Glial Reconstitution  
  59  5:49  Roach x4  
  69  5:50  Roach  
  69  5:53  Queen  
  71  6:00  Evolution Chamber  
  64  6:41  Spore Crawler x2  
  64  6:43  Spore Crawler, Spire  
  60  6:53  Drone x7  
  60  6:54  Drone x2, Overlord x3  
  69  6:56  Roach  
  71  7:20  Zerg Missile Weapons Level 1  
  71  7:25  Hydralisk Den  
  71  7:26  Hydralisk Den  
  71  7:27  Drone  
  71  7:28  Zergling x8  
  71  7:29  Zergling x4, Overlord x2  
  75  7:58  Drone x4  
  78  7:59  Roach x3, Drone  
  78  8:00  Roach x3  
  92  8:17  Grooved Spines  
  92  8:18  Hydralisk x2  
  92  8:19  Hydralisk x3, Muscular Augments  
  100  8:24  Extractor  
  101  8:35  Zergling x2  
  101  8:36  Zergling x20  
  112  9:00  Hatchery  
  78  9:42  Hydralisk x13  
  104  9:52  Ravager  
  105  10:03  Drone  
  106  10:07  Overlord  
  106  10:08  Overlord  
  106  10:20  Zerg Missile Weapons Level 2  
  106  10:34  Queen  
  108  10:48  Hydralisk x4  
  108  10:49  Corruptor  
  116  10:54  Extractor  
  117  10:58  Extractor  
  110  11:22  Roach x9  
  110  11:23  Roach x3  
  110  11:25  Overlord x2  
  116  11:26  Zergling x8  
  116  11:27  Zergling x8  
  111  12:02  Drone x6  
  111  12:03  Drone x4  
  111  12:04  Roach x2  
  111  12:05  Roach  
  127  12:10  Overlord x4  
  127  12:28  Queen, Overlord x2  
  129  12:30  Hydralisk x7  
  143  12:41  Ravager x3  
  143  12:42  Ravager x2  
  148  12:48  Roach, Zergling x2  
  148  12:49  Zergling x8  
  93  13:21  Roach x12  
  93  13:22  Roach  
  116  13:35  Roach x4  
  116  13:36  Roach x2  
  128  13:49  Infestation Pit  
  127  14:03  Ravager  
  127  14:04  Ravager x9  
  127  14:07  Drone x2  
  127  14:08  Drone x4  
  128  15:07  Drone x2  
  128  15:08  Overlord x2  
  105  15:25  Roach  
  105  15:26  Hydralisk x3, Roach x6  
  105  15:27  Hydralisk x5, Roach  
  135  15:28  Corruptor  
  135  15:29  Corruptor x6  
  135  15:30  Corruptor  
  129  16:02  Roach x14  
  129  16:03  Roach  
  119  16:18  Zergling x2  
  119  16:19  Zergling x10  
  100  16:41  Roach x3  
  100  16:42  Roach x3  
  100  16:43  Overlord  
  83  17:04  Roach  
  83  17:05  Roach x6  
Show
View Real Time Build Order
Export as new Build Order

KingNickSA Terran - Winner!

Build Orders:  

Get SALT Encoding   

  12  0:00  SCV  
  13  0:12  SCV  
  14  0:24  SCV  
  14  0:25  Supply Depot  
  15  0:46  SCV  
  15  0:48  Barracks  
  16  0:57  Refinery  
  16  0:58  SCV  
  17  1:10  SCV  
  18  1:22  SCV  
  19  1:39  Marine  
  20  1:43  Supply Depot  
  20  1:46  Orbital Command  
  20  2:02  Command Center  
  20  2:10  Barracks Reactor, Refinery  
  20  2:21  Factory  
  20  2:24  SCV  
  21  2:36  SCV  
  22  2:39  Supply Depot  
  22  2:46  Marine x2  
  22  2:48  SCV  
  25  3:02  SCV  
  25  3:04  Marine x2  
  28  3:11  Factory Tech Lab  
  28  3:18  Starport  
  28  3:19  Orbital Command  
  28  3:22  Marine x2  
  30  3:27  Engineering Bay  
  30  3:41  SCV  
  31  3:48  SCV  
  32  3:54  Refinery  
  32  3:58  Missile Turret x2  
  30  4:05  Missile Turret  
  30  4:14  Missile Turret  
  30  4:17  SCV x2  
  30  4:20  Starport Reactor  
  30  4:22  Marine x2  
  34  4:29  SCV  
  34  4:30  SCV  
  39  4:39  Terran Infantry Weapons Level 1  
  39  4:40  Marine x2  
  39  4:42  SCV x2  
  43  4:54  SCV x2  
  43  4:57  Viking, Medivac  
  43  4:59  Siege Tank  
  49  5:00  Marine x2  
  49  5:01  Refinery  
  49  5:06  SCV  
  52  5:18  Marine  
  53  5:30  Command Center  
  53  5:46  SCV  
  54  5:54  Supply Depot x2  
  54  5:56  Supply Depot  
  54  5:59  Supply Depot  
  54  6:02  Armory  
  54  6:15  Marine, SCV x2  
  57  6:28  SCV x2  
  59  6:33  Terran Infantry Armor Level 1  
  59  6:53  Barracks x3  
  59  6:54  SCV x2  
  59  6:56  Orbital Command  
  61  7:01  Medivac x2  
  61  7:03  Marine x2  
  67  7:12  SCV x2  
  69  7:17  Terran Vehicle And Ship Armor Level 1  
  69  7:24  SCV x2  
  71  7:31  Viking, Medivac  
  71  7:36  SCV x2  
  77  7:44  Missile Turret  
  77  7:49  SCV  
  77  7:50  SCV x2, Refinery  
  80  7:52  Refinery  
  80  7:57  Thor  
  86  7:59  Barracks Tech Lab  
  86  8:00  Barracks Reactor x2  
  86  8:01  Viking, SCV  
  86  8:05  Medivac  
  91  8:07  SCV x2  
  93  8:14  SCV  
  93  8:16  Supply Depot  
  93  8:19  Supply Depot  
  94  8:31  Viking  
  94  8:33  Sensor Tower  
  102  8:42  Supply Depot  
  102  8:43  SCV x2  
  104  9:00  Marine  
  104  9:01  Marine x2, Marauder  
  104  9:02  Marine x2  
  111  9:03  Combat Shield  
  111  9:05  Thor  
  111  9:08  Terran Infantry Weapons Level 2  
  111  9:09  Command Center  
  111  9:11  Terran Ship Weapons Level 1  
  111  9:23  Marauder  
  113  9:47  Thor  
  108  9:53  SCV x3  
  108  10:05  SCV x2  
  108  10:06  Marine  
  108  10:07  Marine x6  
  117  10:16  Barracks  
  117  10:17  Barracks  
  117  10:21  Barracks  
  117  10:22  Orbital Command, Stimpack  
  117  10:23  Barracks  
  117  10:24  Marine x2  
  117  10:25  Marine  
  117  10:26  Marauder  
  128  10:36  Viking, Medivac  
  128  10:38  Marine  
  128  10:39  Marine x2  
  128  10:42  Marine x2  
  136  10:43  Marine  
  136  10:47  Marauder  
  140  11:05  Marine  
  140  11:06  Terran Vehicle Weapons Level 1  
  140  11:10  Thor  
  140  11:12  Marine  
  140  11:14  Marine  
  140  11:17  Medivac  
  140  11:19  Marauder, Medivac  
  115  11:30  Barracks Tech Lab, Barracks Reactor  
  115  11:31  Barracks Reactor x2  
  75  11:40  Marauder  
  75  11:43  Terran Infantry Armor Level 2  
  75  11:47  SCV x4  
  75  11:59  SCV  
  75  12:01  Viking, Thor, Medivac  
  75  12:07  Marine  
  75  12:08  Marine x9  
  83  12:09  Marine x4  
  93  12:17  Supply Depot  
  93  12:18  Supply Depot x2  
  93  12:25  Marine  
  93  12:26  Marine x9  
  93  12:27  Marine x3  
  106  12:31  Viking, Medivac  
  110  12:42  Supply Depot  
  110  12:45  SCV  
  110  12:46  SCV x2  
  110  12:47  SCV  
  114  12:56  Marine x10  
  114  12:57  Marine x4, Refinery  
  114  12:58  SCV x3, Refinery  
  131  13:17  Marine  
  98  13:33  Marine x13  
  92  13:34  Marine  
  92  13:37  Medivac  
  92  13:38  Medivac  
  97  13:49  Barracks  
  97  13:50  Marine  
  97  13:51  Barracks, Marine  
  97  13:54  Barracks  
  99  14:07  Medivac  
  99  14:08  Medivac  
  102  14:37  Medivac x2  
  106  14:43  Marauder  
  106  14:44  Barracks Reactor x3  
  108  14:46  Thor  
  108  14:48  Terran Infantry Weapons Level 3  
  108  14:49  Terran Vehicle And Ship Armor Level 2  
  108  14:58  Marine x2  
  108  14:59  Marine x11  
  121  15:04  Marine  
  122  15:07  Medivac x2  
  124  15:16  Marine x8  
  124  15:17  Marine x5  
  123  15:22  Marine  
  116  15:29  Thor  
  116  15:30  Marine x5  
  116  15:31  Marine  
  116  15:34  Marine x4  
  116  15:35  Marauder  
  133  15:40  Marauder  
  135  15:56  Marauder  
  137  16:01  Marauder  
  137  16:03  Marine x8  
  137  16:04  Marine x10  
  148  16:13  Viking, Medivac  
  148  16:17  Marine  
  135  16:21  Marine x9  
  140  16:31  SCV x4  
  127  16:43  SCV, Medivac x2  
  127  16:44  Marine  
  127  16:45  Marine x19  
  138  17:02  Marine x3  
  125  17:09  Marine  
  125  17:10  Marine x16  
Show
View Real Time Build Order
Export as new Build Order

SkillDrunk Terran - Winner!

Build Orders: Mech 

Get SALT Encoding   

  12  0:00  SCV  
  13  0:17  Supply Depot  
  13  0:18  SCV  
  14  0:30  SCV  
  15  0:42  Barracks, SCV  
  16  0:52  Refinery  
  16  0:54  SCV  
  17  1:07  SCV  
  18  1:28  Orbital Command  
  18  1:43  Command Center  
  18  1:57  Factory, SCV  
  19  2:05  Refinery  
  19  2:13  SCV  
  20  2:26  SCV  
  21  2:44  SCV  
  21  2:46  Factory Tech Lab  
  21  2:50  Starport  
  21  2:58  Orbital Command  
  21  3:01  SCV  
  22  3:13  Supply Depot, SCV  
  22  3:17  Engineering Bay  
  23  3:24  Hellion  
  23  3:25  SCV  
  26  3:28  Starport Tech Lab  
  26  3:31  SCV  
  27  3:37  SCV  
  28  3:43  SCV  
  28  3:48  Banshee  
  32  3:49  Fusion Core  
  32  3:50  SCV  
  32  3:55  SCV  
  34  3:57  Missile Turret  
  34  4:02  SCV  
  35  4:07  SCV  
  36  4:13  Refinery  
  36  4:14  SCV  
  36  4:15  Supply Depot  
  37  4:19  Supply Depot, SCV  
  38  4:26  SCV  
  38  4:29  Refinery  
  39  4:31  SCV  
  39  4:36  Battlecruiser  
  46  4:39  SCV  
  46  4:43  SCV  
  48  4:51  SCV  
  49  4:58  Armory  
  49  5:02  SCV  
  49  5:05  SCV  
  49  5:06  Armory  
  51  5:12  Command Center  
  51  5:14  SCV  
  51  5:16  Missile Turret  
  51  5:17  SCV  
  53  5:26  SCV  
  54  5:29  SCV  
  55  5:38  SCV  
  55  5:42  SCV  
  57  5:51  Siege Tank  
  60  5:57  SCV x2  
  62  6:24  SCV x2, Battlecruiser  
  70  6:32  Thor  
  76  6:36  SCV, Terran Vehicle And Ship Armor Level 1  
  76  6:37  Terran Vehicle Weapons Level 1  
  76  6:38  Weapon Refit  
  77  6:40  Hi-Sec Auto Tracking  
  77  7:01  Planetary Fortress  
  77  7:03  Refinery  
  77  7:11  Command Center x2  
  77  7:23  Factory  
  77  7:24  Factory  
  77  7:28  SCV x2  
  77  7:29  Supply Depot  
  79  7:30  Supply Depot  
  79  7:33  Supply Depot  
  79  7:34  Supply Depot  
  79  7:37  Neosteel Armor  
  79  7:40  SCV x2  
  79  7:42  SCV  
  82  7:48  Refinery  
  82  7:49  Missile Turret  
  82  7:52  Missile Turret x2, SCV x2  
  82  7:53  Missile Turret  
  84  7:59  Thor  
  84  8:05  SCV x3  
  93  8:13  Factory Reactor  
  93  8:14  Factory Tech Lab  
  93  8:17  SCV  
  94  8:26  SCV x2  
  96  8:32  Orbital Command  
  96  8:34  Command Center  
  96  8:43  Siege Tank  
  96  8:44  SCV x2  
  96  8:45  SCV  
  101  8:51  Thor  
  107  8:56  SCV  
  107  8:58  Battlecruiser  
  113  9:37  Thor x2  
  122  9:53  Infernal Pre-Igniter  
  122  9:54  Smart Servos  
  122  10:18  Hellion  
  122  10:19  Hellion  
  126  10:25  Orbital Command  
  126  10:27  Thor x2  
  138  10:28  Terran Vehicle And Ship Armor Level 2  
  138  10:29  Terran Vehicle Weapons Level 2  
  138  10:31  Battlecruiser  
  144  10:36  Supply Depot x2  
  144  10:39  Supply Depot  
  144  10:43  Factory  
  115  11:10  Thor  
  115  11:11  Drilling Claws, Thor  
  125  11:12  Hellion x2  
  129  11:42  Hellion x2  
  133  11:51  Planetary Fortress  
  133  11:54  Refinery x2  
  133  11:56  Missile Turret  
  133  11:58  Thor x2  
  133  12:01  Factory Tech Lab  
  145  12:03  Missile Turret  
  145  12:10  Starport  
  135  12:16  Missile Turret  
  130  12:25  Factory  
  130  12:27  Thor  
  136  12:38  Hellion x2  
  136  12:39  Battlecruiser  
  136  12:41  Siege Tank x2  
  150  13:35  SCV  
  151  13:44  Starport Tech Lab, Battlecruiser  
  151  13:46  Factory Tech Lab  
  151  13:47  SCV  
  148  13:58  Thor, Hellion x3  
  148  13:59  Hellion  
  148  14:00  SCV  
  148  14:12  SCV  
  148  14:13  Thor  
  155  14:19  Thor x2  
  155  14:24  SCV  
  168  14:29  SCV x5  
  173  14:37  Terran Vehicle And Ship Armor Level 3  
  173  14:41  Siege Tank  
  173  14:42  Hellion x2  
  173  14:45  Terran Vehicle Weapons Level 3  
  180  14:56  Siege Tank  
  182  15:02  Siege Tank  
  173  15:09  Siege Tank  
  173  15:14  Siege Tank  
  167  15:21  Hellbat x2  
  148  15:28  Thor  
  142  15:31  Battlecruiser  
  142  15:34  Thor  
  154  15:36  SCV x2  
  154  15:37  SCV  
  154  15:38  SCV x3  
  154  15:41  Hellbat  
  154  15:42  Hellbat  
  164  15:43  Command Center  
  164  16:01  Siege Tank  
  164  16:02  Siege Tank  
  166  16:05  Battlecruiser  
  166  16:26  Thor  
  166  16:27  Hellion x2  
Tags
 
Add a new tag
Caveats
  • Supply blocks, unpowered buildings, or Contaminate may cause inaccurate times.
  • Supply counts are checked every 10 seconds.